 Dungeon Crawl Stone Soup version 0.28.0-53-g5a82cb258f (webtiles) character file.

Game seed: 2135931851866345992

107 Zeld the Conjurer (level 4, -6/24 HPs)
             Began as a Deep Elf Conjurer on May 24, 2022.
             Mangled by a gnoll
             ... wielding a +0 spear
              (7 damage)
             ... on level 3 of the Dungeon.
             The game lasted 00:02:33 (2504 turns).

Zeld the Conjurer (Deep Elf Conjurer)               Turns: 2504, Time: 00:02:34

Health: -6/24      AC:  3    Str:  4    XL:     4   Next: 56%
Magic:  3/12       EV: 12    Int: 25    God:
Gold:   57         SH:  0    Dex: 13    Spells: 1/12 levels left

rFire   . . .      SeeInvis .   (no weapon)
rCold   . . .      Faith    .   (no shield)
rNeg    . . .      Spirit   .   a - +0 robe
rPois   .          Reflect  .   d - +0 helmet
rElec   .          Harm     .   (no cloak)
rCorr   .          Rampage  .   (no gloves)
Will    .....                   (no boots)
Stlth   ++........              (no amulet)
HPRegen 0.08/turn               e - ring of wizardry
MPRegen 0.13/turn               f - ring of wizardry

@: no status effects
A: no striking features
a: no special abilities


You were on level 3 of the Dungeon.
You visited 1 branch of the dungeon, and saw 3 of its levels.

You collected 57 gold pieces.

Inventory:

Armour
 a - a +0 robe (worn)
 d - a +0 helmet (worn)
Jewellery
 e - a ring of wizardry (left hand)
 f - a ring of wizardry (right hand)
Scrolls
 b - a scroll of torment {unknown}
 c - a scroll of enchant weapon {unknown}
 h - a scroll of identify {unknown}
 j - a scroll of teleportation {unknown}
 k - a scroll of silence {unknown}
Potions
 g - 2 potions of curing {unknown}
 i - 2 potions of attraction {unknown}


   Skills:
 - Level 2.4 Dodging
 - Level 2.4 Stealth
 * Level 4.5 Spellcasting
 * Level 5.2 Conjurations
 - Level 2.0 Hexes
 + Level 1.6 Translocations


You had one spell level left.
You knew the following spells:

 Your Spells              Type           Power      Damage    Failure   Level
a - Magic Dart            Conj           100%       1d8       1%          1
b - Searing Ray           Conj           64%        2d6       1%          2
c - Fulminant Prism       Conj/Hex       11%        3d9       5%          4
d - Iskenderun's Mystic   Conj/Tloc      22%        2d6       6%          4

Your spell library contained the following spells:

 Spells                   Type           Power      Damage    Failure   Level
 Dazzling Flash           Conj/Hex       46%        N/A       1%          3


Dungeon Overview and Level Annotations

Branches:
Dungeon (3/15)

Altars:
Xom


Message History

Found a scroll labelled ATEDDUINOD.
The hound bites you but does no damage. The hound bites you.
A gnoll comes into view. It is wielding a +0 spear.
Found 23 bolts.
The gnoll shouts!
You hear a shout!
The gnoll throws a throwing net.
The throwing net hits you.
You become entangled in the net!
You see here a throwing net.
Casting: Searing Ray (safe; 1% risk of failure)
Confirm with . or Enter, or press ? or * to list all spells.
Aiming: Searing Ray (safe; 1% risk of failure)
Press: ? - help, Shift-Dir - straight line, f - hound
Aim: a hound (71% to hit)
The searing ray hits the hound.
The hound is lightly wounded. (Press . to maintain the ray.)
The hound bites you.
A gnoll comes into view. It is wielding a +0 spear.
The hound closely misses you.
The searing ray hits the hound!
The hound is severely wounded.
The searing ray misses the frilled lizard.
The hound bites you.
* * * LOW HITPOINT WARNING * * *
Unknown command.
The searing ray hits the hound!
You kill the hound!
The searing ray hits the frilled lizard.
You kill the frilled lizard!
A gnoll shaman comes into view. It is wielding a +0 whip.
Training target 2.0 for Hexes reached!
Your Hexes skill increases to level 2!
You tear a large gash into the net.
You struggle against the net.
The gnoll hits you from afar with a +0 spear.
* * * LOW HITPOINT WARNING * * *
You shred the net and break free! The gnoll barely misses you.
You see here a hound corpse.
The gnoll hits you from afar with a +0 spear!
You die...

## .# .. .(
.###. ...
#.# #g# #
#g#.##..
##.#...?.
#@..#
###...###
#.......##
#.<........
#......?##.
###...###
......
#######


You could see 2 gnolls.

Vanquished Creatures
  A hound (D:3)
  2 adders (D:2)
  2 worms (D:2)
  2 dart slugs
  An orc (D:2)
  7 bats
  3 endoplasms
  2 giant cockroaches
  2 goblins (D:2)
  4 hobgoblins
  4 jackals
  5 kobolds
  3 ball pythons
  3 frilled lizards
  6 rats
47 creatures vanquished.

Notes
Turn   | Place    | Note
-------+----------+-------------------------------------------
     0 | D:1      | Zeld the Deep Elf Conjurer began the quest for the Orb.
     0 | D:1      | Reached XP level 1. HP: 10/10 MP: 6/6
   138 | D:1      | Found a faded altar of an unknown god.
   604 | D:1      | Reached XP level 2. HP: 15/15 MP: 5/8
   675 | D:1      | Learned a level 2 spell: Searing Ray
   886 | D:1      | Reached skill level 1 in Hexes
  1136 | D:2      | Found a shimmering altar of Xom.
  1253 | D:2      | Reached skill level 1 in Translocations
  1261 | D:2      | Reached XP level 3. HP: 15/19 MP: 0/10
  1510 | D:2      | Reached skill level 5 in Conjurations
  2178 | D:2      | Reached XP level 4. HP: 24/24 MP: 7/12
  2183 | D:2      | Learned a level 4 spell: Fulminant Prism
  2188 | D:2      | Learned a level 4 spell: Iskenderun's Mystic Blast
  2413 | D:3      | Noticed an orc warrior
  2500 | D:3      | HP: 1/24 [gnoll/+0 spear (3)]
  2504 | D:3      | Mangled by a gnoll

Illustrated notes

Levels and vault maps discovered:
D:1:      minmay_arrival_split_and_join, layout_basic,
          hellmonk_ecumenical_altar_arch_garden, minmay_misc_feat_cross
D:2:      minmay_spotlight, layout_rooms, basic_altar
D:3:      layout_loops_ring, trog_hazing_becter

Skill      XL: |  1  2  3  4 |
---------------+-------------+-----
Hexes          | 1 2 |  2.0
Translocations | 1 |  1.6
Spellcasting   | 4 |  4.5
Conjurations   | 5 |  5.2
Dodging        | |  2.4
Stealth        | |  2.4

Action                   |  1- 3 |  4- 6 || total
-------------------------+-------+-------++-------
Melee: Unarmed           |     5 |     2 ||     7
 Cast: Magic Dart        |    43 |       ||    43
       Searing Ray       |    16 |    11 ||    27
Armor: Robe              |    13 |     1 ||    14
Dodge: Dodged            |    28 |    11 ||    39
